 Dungeon Crawl Stone Soup version 0.29.1-15-g9cfb28693d (webtiles) character file.

Game seed: 10180426678929064751

49 Heoruswealwe the Magician (level 3, -6/19 HPs)
             Began as a Deep Elf Earth Elementalist on Mar 31, 2023.
             Killed by a bolt of acid (25 damage)
             ... invoked by the enmity of Fedhas Madash
             ... on level 2 of the Dungeon.
             The game lasted 00:12:16 (1103 turns).

Heoruswealwe the Magician (DEEE)                    Turns: 1103, Time: 00:12:17

Health: -6/19      AC:  2    Str:  5    XL:     3   Next: 51%
Magic:  8/10       EV: 12    Int: 21    God:
Gold:   78         SH:  0    Dex: 15    Spells: 7/10 levels left

rFire   . . .      SeeInvis .   g - staff of earth
rCold   . . .      Faith    .   (no shield)
rNeg    . . .      Spirit   .   a - +0 robe
rPois   .          Reflect  .   (no helmet)
rElec   .          Harm     .   (no cloak)
rCorr   .          Rampage  .   (no gloves)
Will    .....                   (no boots)
Stlth   ++........              (no amulet)
HPRegen 0.06/turn               (no ring)
MPRegen 0.12/turn               (no ring)

@: no status effects
A: no striking features
a: no special abilities


You were on level 2 of the Dungeon.
You visited 1 branch of the dungeon, and saw 2 of its levels.

You collected 78 gold pieces.

Inventory:

Armour
 a - a +0 robe (worn)
 j - a +0 robe
Magical Staves
 g - a staff of earth (weapon)
Scrolls
 k - a scroll of amnesia
 m - a scroll of enchant armour {unknown}
Potions
 b - a potion of magic
 d - a potion of degeneration {unknown}
 h - a potion of attraction {unknown}
 i - 2 potions of haste {unknown}
 n - a potion of brilliance {unknown}


   Skills:
 - Level 2.4 Dodging
 - Level 2.4 Stealth
 * Level 4.1 Spellcasting
 + Level 1.9 Transmutations
 * Level 4.1 Earth Magic


You had 7 spell levels left.
You knew the following spells:

 Your Spells              Type           Power      Damage    Failure   Level
a - Sandblast             Erth           64%        2d14      2%          1
z - Passwall              Tmut/Erth      20%        N/A       5%          2

Your spell library contained the following spells:

 Spells                   Type           Power      Damage    Failure   Level
 Stone Arrow              Conj/Erth      38%        3d9       16%         3
 Petrify                  Tmut/Erth      25%        N/A       34%         4


Dungeon Overview and Level Annotations

Branches:
Dungeon (2/15)

Altars:
Fedhas


Message History

You now have 78 gold pieces (gained 11).
n - a fizzy yellow potion You see here a +0 quarterstaff.
As you read the scroll labelled RAFEHI TAENESA, it crumbles to dust.
It is a scroll of identify.
c - a scroll of poison Really read the scroll of poison?
You can't even see any enemies this would affect.
The air fills with toxic fumes!
As you read the scroll of poison, it crumbles to dust.
As you read the scroll of identify, it crumbles to dust.
f - 2 scrolls of noise You drop 2 scrolls of noise.
You start resting.
Magic restored.
As you read the scroll of identify, it crumbles to dust.
k - a scroll of amnesia
As you read the scroll of identify, it crumbles to dust.
l - a scroll of vulnerability You drop a scroll of vulnerability.
There is a faded altar of an unknown god here.
You cannot tell which god this altar belongs to.
Convert to them anyway?
Fedhas accepts your prayer! Fedhas welcomes you!
The plants of the dungeon cease their hostilities.
Really renounce your faith, foregoing its fabulous benefits?
Are you sure?
You have lost your religion!
Fedhas does not appreciate desertion!
A rat comes into view.
You can't see any susceptible monsters within range! (Use Z to cast anyway.)
The rat twitches its whiskers.
You feel a surge of power!
The blast of sand hits the rat.
The rat is moderately wounded.
You feel a surge of power!
The blast of sand hits the rat!
You kill the rat!
You see here a rat corpse.
Fedhas invokes nature against you. The bolt of acid hits you!!
Ouch! That really hurt!
You die...

###################
#.........†@.......
#.#################
### #.# ..####.##
.# 8.......# #..
........####..
8.......##...#
...?....##.#.#
#..?....##.#.#


You could see the enmity of Fedhas Madash (unaware).

Vanquished Creatures
  Jessica (D:2)
  A worm (D:2)
  A dart slug (D:2)
  3 bats (D:1)
  3 endoplasms (D:1)
  2 goblins
  A hobgoblin (D:1)
  A quokka (D:1)
  2 ball pythons
  2 frilled lizards (D:2)
  A rat (D:2)
18 creatures vanquished.

Notes
Turn   | Place    | Note
-------+----------+-------------------------------------------
     0 | D:1      | Heoruswealwe the Deep Elf Earth Elementalist began the
                  | quest for the Orb.
     0 | D:1      | Reached XP level 1. HP: 10/10 MP: 6/6
   478 | D:1      | Reached XP level 2. HP: 15/15 MP: 6/8
   481 | D:1      | Learned a level 2 spell: Passwall
   683 | D:2      | Noticed Jessica
   686 | D:2      | Killed Jessica
   687 | D:2      | Reached XP level 3. HP: 19/19 MP: 7/10
  1043 | D:2      | Found a faded altar of an unknown god.
  1081 | D:2      | Prayed at the altar of an unknown god.
  1081 | D:2      | Became a worshipper of Fedhas Madash
  1081 | D:2      | Reached * piety under Fedhas
  1082 | D:2      | Fell from the grace of Fedhas
  1103 | D:2      | Killed by a bolt of acid

Illustrated notes

Levels and vault maps discovered:
D:1:      amcnicky_arrival_feature_with_door, layout_basic,
          corexii_leaking_fountain, minmay_large_rounded_square
D:2:      layout_basic, chequers_ecumenical_altar_simple, uniq_jessica,
          uniq_sigmund

Skill      XL: |  1  2 |
---------------+-------+-----
Spellcasting   | 4 |  4.1
Earth Magic    | 4 |  4.1
Dodging        | |  2.4
Stealth        | |  2.4
Transmutations | |  1.9

Action                   || total
-------------------------++-------
 Cast: Sandblast         ||    22
Invok: Renounce Religion ||     1
  Use: Scroll            ||     5
Armor: Robe              ||     1
